Map: Arctic Dream LE

Players

qqq - Winner!

  • Race: Zerg Zerg
  • League: Platinum
  • Spawn Location: 12:00

Massa - Winner!

  • Race: Terran Terran
  • League: Gold
  • Spawn Location: 11:00

TrashLord

  • Race: Terran Terran
  • Spawn Location: 5:00

PewPewMama

  • Race: Terran Terran
  • Spawn Location: 6:00

VOD

Have the link to the VOD?

Description

Time

  • Played on: May 11, 2020, 11:57 a.m.
  • Length: 4:11
Show
View Real Time Build Order
Export as new Build Order

qqq Zerg - Winner!

Build Orders: Hatch First 

Get SALT Encoding   

  12  0:01  Drone  
  13  0:08  Drone  
  14  0:35  Hatchery  
  13  0:51  Spawning Pool  
  12  0:57  Overlord  
  12  1:01  Drone  
  13  1:06  Drone  
  13  1:10  Extractor  
  13  1:15  Drone  
  14  1:21  Drone  
  15  1:30  Drone  
  16  1:39  Queen  
  18  1:41  Drone  
  19  1:51  Queen  
  21  1:56  Drone  
  21  1:59  Zergling x2  
  23  2:03  Zergling x2  
  24  2:12  Metabolic Boost  
  24  2:19  Overlord  
  24  2:21  Zergling x2  
  25  2:26  Zergling x2  
  25  2:28  Zergling x2  
  27  2:32  Drone  
  28  2:45  Zergling x6  
  28  2:46  Zergling x2  
  32  2:52  Zergling x4  
  32  2:56  Zergling x2  
  35  3:00  Overlord  
  35  3:10  Zergling x2  
  36  3:21  Zergling x4, Overlord  
  36  3:23  Zergling x2  
  36  3:24  Overlord  
  36  3:26  Zergling x2  
  39  3:50  Zergling x6  
  39  3:51  Zergling x8  
  39  3:52  Zergling x2  
Show
View Real Time Build Order
Export as new Build Order

Massa Terran - Winner!

Build Orders:  

Get SALT Encoding   

  12  0:11  Supply Depot  
  12  0:13  SCV  
  13  0:25  SCV  
  14  0:34  Barracks  
  14  0:37  SCV  
  15  0:47  Supply Depot  
  15  0:49  SCV  
  16  1:01  SCV  
  17  1:06  Barracks  
  17  1:22  Barracks  
  17  1:26  Marine  
  18  1:39  Barracks  
  19  1:40  SCV  
  19  1:44  Marine  
  20  1:47  Refinery  
  20  1:53  Marine  
  21  2:02  SCV, Marine  
  23  2:11  Marine  
  23  2:14  Marine  
  25  2:20  Marine  
  25  2:22  SCV  
  27  2:29  Marine  
  28  2:31  Supply Depot  
  28  2:32  Marine  
  29  2:37  Marine  
  30  2:46  Marine  
  31  2:52  Marine x2  
  31  2:55  Marine  
  34  3:02  Supply Depot  
  34  3:04  Marine  
  35  3:10  Marine x2  
  37  3:13  Marine  
  38  3:22  Marine  
  39  3:28  Marine x2  
  39  3:31  Marine  
  42  3:40  Marine  
  43  3:46  Marine  
Show
View Real Time Build Order
Export as new Build Order

TrashLord Terran 

Build Orders:  

Get SALT Encoding   

  12  0:03  SCV  
  13  0:15  SCV  
  13  0:18  Supply Depot  
  14  0:28  SCV  
  15  0:30  Refinery  
  15  0:42  Barracks  
  15  0:46  SCV  
  16  0:58  SCV  
  17  1:10  SCV  
  18  1:22  SCV  
  19  1:32  Marine  
  20  1:33  Command Center  
  20  1:42  Orbital Command  
  20  1:52  Marine  
  21  2:00  Supply Depot  
  21  2:09  SCV  
  21  2:14  Factory  
  22  2:16  Marine  
  22  2:22  SCV  
  24  2:24  Barracks  
  24  2:33  Marine  
  24  2:34  SCV  
  26  2:44  Bunker  
  26  2:46  SCV  
  27  2:51  Marine  
  28  2:58  Barracks  
  28  2:59  Widow Mine  
  30  3:08  Bunker  
  30  3:13  Orbital Command  
  30  3:28  Factory Tech Lab  
  30  3:32  Barracks  
  30  3:34  Barracks  
  30  3:35  Marine x2  
  32  3:53  Marine  
Show
View Real Time Build Order
Export as new Build Order

PewPewMama Terran 

Build Orders: 2 Factory, Hellion Opening 

Get SALT Encoding   

  12  0:02  SCV  
  14  0:14  SCV  
  14  0:19  Supply Depot  
  14  0:26  SCV  
  15  0:35  Refinery  
  15  0:41  Barracks  
  15  0:50  Refinery  
  15  0:51  SCV  
  16  1:03  SCV  
  17  1:28  Orbital Command  
  17  1:29  Reaper  
  17  1:31  Supply Depot  
  18  1:48  Factory  
  18  1:54  SCV  
  19  2:07  Barracks Reactor  
  19  2:10  SCV  
  20  2:22  SCV  
  21  2:34  SCV  
  22  2:48  Supply Depot  
  22  2:51  Hellion  
  22  2:52  Hellion  
  22  2:53  Barracks Tech Lab  
  26  3:05  Factory  
  26  3:06  SCV  
  27  3:13  Hellion x2  
  27  3:19  SCV  
  32  3:33  SCV  
  35  3:34  Hellion x2  
Tags
 
Add a new tag
Caveats
  • Supply blocks, unpowered buildings, or Contaminate may cause inaccurate times.
  • Supply counts are checked every 10 seconds.